AoeStats
← Noobieski

Arabia

509871295Analyzed
1v1 RM · 4d ago on Sep 28, 2026· 31m 37s· 2 players
Game mode
Random Map
Map size
Tiny (2 player)
Population
200
Speed
Normal
Resources
Standard
Victory
Conquest
Starting age
Dark Age
Ending age
Imperial Age
RankedLock teamsTeams togetherTeam positionsShared explorationLock speedFull tech treeHidden civsTurbo modeCheats
Victory
Defeat
🇨🇳 Spanish · China
1060
+16
🇨🇳 Franks · China
1069
-16
Noobieski
4:35 Loom
12:00 Feudal Age
17:07 Castle Age
15:54 Horse Collar
16:54 Double-Bit Axe
25:52 Bloodlines
26:45 Gold Mining
28:35 Bow Saw
28:28 Heavy Plow
2499520517
11:16 Feudal Age
17:51 Castle Age
17:50 Scale Mail Armor
18:11 Padded Archer Armor
18:03 Fletching
18:50 Double-Bit Axe
19:42 Bodkin Arrow
20:15 Padded Archer Armor
22:35 Elite Skirmisher
24:53 Gold Mining
25:32 Leather Archer Armor
28:13 Gold Shaft Mining
28:23 Bow Saw
30:19 Scale Mail Armor
30:39 Squires
Connection lost

Rejoining the realm…

Still unreachable

The connection could not be restored.

Session expired

The server has moved on; the page needs a fresh start.